 Dungeon Crawl Stone Soup version 0.28.0-53-g5a82cb258f (webtiles) character file.

Game seed: 5472541007124897071

758 buhh the Skirmisher (level 7, 0/48 (52) HPs)
             Began as an Octopode Transmuter on June 18, 2022.
             Slain by Prince Ribbit (10 damage)
             ... on level 5 of the Dungeon.
             The game lasted 00:10:42 (6745 turns).

buhh the Skirmisher (Octopode Transmuter)           Turns: 6745, Time: 00:10:43

HP:   0/48 (52)     AC:  1    Str:  9    XL:     7   Next: 80%
MP:   9/10          EV: 13    Int: 18    God:
Gold: 227           SH:  0    Dex: 12    Spells: 7/10 levels left

rFire   + . .      SeeInvis .     - Unarmed
rCold   . . .      Faith    .   (no shield)
rNeg    . . .      Spirit   .   (helmet currently unavailable)
rPois   .          Reflect  .   (no amulet)
rElec   .          Harm     .   e - ring of protection from fire
rCorr   .          Rampage  .   (no ring)
Will    .....                   (no ring)
Stlth   +++.......              (no ring)
HPRegen 0.16/turn               (no ring)
MPRegen 0.12/turn               (no ring)
                                (no ring)
                                (no ring)

@: brilliant, appendages, drained
A: tentacle spike 3, almost no armour, amphibious, 8 rings, camouflage 1,
gelatinous body 1, (nimble swimmer 1), tentacles
a: End Transformation


You were on level 5 of the Dungeon.
One of your tentacles had grown a beastly spike.
You visited 1 branch of the dungeon, and saw 5 of its levels.

You collected 227 gold pieces.

Inventory:

Missiles
 m - 4 boomerangs (quivered)
 G - a javelin
Jewellery
 e - a ring of protection from fire (left tentacle)
Scrolls
 d - a scroll of vulnerability {unknown}
 f - a scroll of fog {unknown}
 g - a scroll of amnesia {unknown}
 i - a scroll of immolation {unknown}
 j - a scroll of torment {unknown}
 l - a scroll of enchant weapon {unknown}
 t - 3 scrolls of teleportation {!d}
Potions
 a - a potion of curing {unknown}
 b - a potion of haste {unknown}
 h - a potion of invisibility {unknown}
 k - a potion of heal wounds {unknown}
 K - 2 potions of brilliance {!q!d}


   Skills:
 - Level 6.0 Fighting
 - Level 3.0 Throwing
 - Level 2.0 Dodging
 - Level 1.0 Stealth
 - Level 3.1 Unarmed Combat
 - Level 2.0 Spellcasting
 * Level 5.0 Transmutations


You had 7 spell levels left.
You knew the following spells:

 Your Spells              Type           Power      Damage    Failure   Level
a - Beastly Appendage     Tmut           60%        N/A       2%          1
b - Wereblood             Tmut           30%        N/A       3%          2

Your spell library contained the following spells:

 Spells                   Type           Power      Damage    Failure   Level
 Animate Skeleton         Necr           4%         N/A       19%         1
 Pain                     Necr           8%         1d4       19%         1
 Summon Small Mammal      Summ           8%         N/A       19%         1
 Spider Form              Tmut/Pois      16%        N/A       19%         3
 Call Canine Familiar     Summ           2%         N/A       47%         3
 Confusing Touch          Hex            2%         N/A       47%         3
 Dazzling Flash           Conj/Hex       4%         N/A       47%         3
 Gell's Gravitas          Tloc           2%         N/A       47%         3
 Lesser Beckoning         Tloc           2%         N/A       47%         3
 Summon Guardian Golem    Hex/Summ       2%         N/A       47%         3
 Teleport Other           Tloc           2%         N/A       47%         3
 Vampiric Draining        Necr           2%         2d6       47%         3
 Ice Form                 Ice/Tmut       16%        N/A       54%         4
 Iskenderun's Mystic Bla  Conj/Tloc      2%         2d3       87%         4
 Yara's Violent Unravell  Hex/Tmut       8%         3d5       87%         5
 Starburst                Conj/Fire      1%         6d3       100%        6
 Enfeeble                 Hex            1%         N/A       100%        7


Dungeon Overview and Level Annotations

Branches:
Dungeon (5/15)
 Temple: D:4-7

Altars:
Ashenzari
Kikubaaqudgha

Annotations:
D:2 Terence
D:5 Prince Ribbit


Innate Abilities, Weirdness & Mutations

One of your tentacles has grown a beastly spike.
You cannot wear most types of armour.
You are amphibious.
You can wear up to eight rings at the same time.
Your skin changes colour to match your surroundings (Stealth+).
Your rubbery body absorbs attacks. (AC +1, EV +1)
((You are camouflaged when in or above water. (Stealth+)))
You have tentacles for arms and can constrict up to eight enemies at once.


Message History

Your transformation is almost over.
Your tentacle spike disappears.
HP restored.
Done exploring.
There is a stone staircase leading up here.
There is a stone staircase leading down here.
You climb downwards.
Level annotation: Prince Ribbit
There is a stone staircase leading up here.
t - 3 scrolls of teleportation {!d} (gained 1)
There is a stone staircase leading up here.
There is a stone staircase leading up here.
Casting: Beastly Appendage (safe; 2% risk of failure)
Press: ? - help, Q - select action, (/) - cycle Dir - look around, f - activate One of your tentacles grows a vicious spike.
Throw: 5 boomerangs
Press: ? - help, Q - select action, (/) - cycle Shift-Dir - straight line, f - Prince Ribbit
Aim: Prince Ribbit (41% to hit)
You throw a boomerang. The boomerang hits Prince Ribbit!
Prince Ribbit is lightly wounded.
Okay, then.
Throw: 5 boomerangs
Press: ? - help, Q - select action, (/) - cycle Shift-Dir - straight line, f/p - Prince Ribbit
Aim: Prince Ribbit (lightly wounded, 41% to hit)
You throw a boomerang. The boomerang hits Prince Ribbit.
Prince Ribbit is moderately wounded.
Prince Ribbit hits you!
You closely miss Prince Ribbit. Your grab misses Prince Ribbit.
Your tentacle spike misses Prince Ribbit.
Prince Ribbit is moderately wounded.
Prince Ribbit hits you!
You miss Prince Ribbit. You grab Prince Ribbit.
You pierce Prince Ribbit.
Prince Ribbit is heavily wounded.
You constrict Prince Ribbit. Prince Ribbit hits you!
* * * LOW HITPOINT WARNING * * *
It was a potion of brilliance.
You feel clever all of a sudden.
K - 2 potions of brilliance You constrict Prince Ribbit.
Prince Ribbit hits you!
You die...

..# .## #.#
###..##... ..#
....$.. ..#
........ #...#
. #.!# .#
#..##.###
#F.......
#@#.#.###
#.###.#.#.###.
#........(....
#####.........
###.#.###.
..... ##. ...
## #.


You could see Prince Ribbit.

Vanquished Creatures
  A water moccasin (D:4)
  A necrophage (D:4)
  A scorpion (D:3)
  2 water moccasin zombies (D:4)
  2 wights (D:4)
  2 centaur zombies
  A human zombie (D:4)
  2 orc wizards
  A hound zombie (D:4)
  A hound skeleton (D:4)
  2 mummies (D:4)
  3 adders
  2 adder zombies (D:4)
  2 worms
  3 dart slugs
  5 orcs
  3 ball pythons
  5 bats
  4 endoplasms
  2 giant cockroaches
  9 hobgoblins
  6 jackals
  2 quokkas (D:4)
  2 frilled lizards
  5 goblins
  8 kobolds
  7 rats
84 creatures vanquished.

Notes
Turn   | Place    | Note
-------+----------+-------------------------------------------
     0 | D:1      | buhh the Octopode Transmuter began the quest for the Orb.
     0 | D:1      | Reached XP level 1. HP: 13/13 MP: 3/3
   223 | D:1      | Found a faded altar of an unknown god.
   243 | D:1      | Reached XP level 2. HP: 8/19 MP: 3/5
   507 | D:1      | Reached skill level 2 in Fighting
  1271 | D:2      | Reached XP level 3. HP: 25/25 MP: 4/6
  1456 | D:2      | Noticed Terence
  1849 | D:2      | Reached skill level 3 in Fighting
  2576 | D:3      | Noticed a scorpion
  2763 | D:3      | Learned a level 2 spell: Wereblood
  2781 | D:3      | Reached XP level 4. HP: 26/31 MP: 7/7
  2782 | D:3      | Found a broken altar of Ashenzari.
  2942 | D:3      | Reached skill level 4 in Fighting
  2942 | D:3      | Reached XP level 5. HP: 20/37 MP: 6/8
  3952 | D:4      | Found an ancient bone altar of Kikubaaqudgha.
  4237 | D:4      | Noticed a water moccasin
  4245 | D:4      | Killed a water moccasin
  4246 | D:4      | Reached skill level 5 in Fighting
  4246 | D:4      | Reached XP level 6. HP: 25/46 MP: 9/9
  5359 | D:3      | Reached skill level 6 in Fighting
  5620 | D:4      | Noticed a necrophage
  5625 | D:4      | Killed a necrophage
  5626 | D:4      | Reached XP level 7. HP: 49/52 MP: 7/10
  6412 | D:5      | Entered Level 5 of the Dungeon
  6412 | D:5      | Noticed Prince Ribbit
  6745 | D:5      | Slain by Prince Ribbit

Illustrated notes

Levels and vault maps discovered:
D:1:      dpeg_arrival_boxes_within_box, layout_loops_ring,
          hellmonk_ecumenical_altar_leap_of_faith
D:2:      layout_basic, st_stairs_3, minmay_close_crescents, uniq_terence
D:3:      layout_loops_ring, mainiacjoe_overflow_brackets
D:4:      minmay_door_path, layout_loops_ring,
          lemuel_mausoleum_altar_kikubaaqudgha
D:5:      layout_loops_ring, minmay_temple_entry_wispy, serial_shops,
          kennysheep_mini_moat, uniq_prince_ribbit1

Skill      XL: |  1  2  3  4  5  6  7 |
---------------+----------------------+-----
Stealth        | 1 |  1.0
Fighting       | 2 3 4 5 6 |  6.0
Throwing       | 1 2 3 |  3.0
Transmutations | 5 |  5.0
Dodging        | |  2.0
Unarmed Combat | |  3.1
Spellcasting   | |  2.0

Action                   |  1- 3 |  4- 6 |  7- 9 || total
-------------------------+-------+-------+-------++-------
Melee: Unarmed           |    87 |   111 |    50 ||   248
       Constrict         |    32 |    26 |     8 ||    66
       Kick              |    19 |    44 |    26 ||    89
       Tentacles         |    20 |    30 |    14 ||    64
       Punch             |     1 |     5 |     2 ||     8
Throw: Dart              |       |       |     3 ||     3
       Boomerang         |       |       |     2 ||     2
       Javelin           |       |       |     1 ||     1
 Cast: Beastly Appendage |    24 |    27 |    12 ||    63
  Use: Scroll            |     2 |       |       ||     2
       Potion            |       |       |     1 ||     1
 Stab: Sleeping          |     6 |     4 |     4 ||    14
Armor: Skin              |    13 |     5 |     1 ||    19
Dodge: Dodged            |    49 |    60 |    28 ||   137
